 Dungeon Crawl Stone Soup version 0.24.0-7-gb3623d2c88 (webtiles) character file.

Game seed: 17492292712428078109, levelgen mode: deterministic

53 Nivan the Conjurer (level 3, -2/26 HPs)
             Began as a Draconian Conjurer on Nov 2, 2019.
             Slain by an orc
             ... wielding a +0 hand axe
              (7 damage)
             ... on level 4 of the Dungeon.
             The game lasted 00:03:39 (1400 turns).

Nivan the Conjurer (Draconian Conjurer)             Turns: 1400, Time: 00:03:41

Health: -2/26      AC:  5    Str: 11    XL:     3   Next: 62%
Magic:  3/6        EV: 11    Int: 15    God:
Gold:   103        SH:  3    Dex: 11    Spells: 6/7 levels left

rFire    . . .     SeeInvis .   c - +0 club
rCold    . . .     Gourm    .   k - +0 buckler
rNeg     . . .     Faith    .   (armour unavailable)
rPois    .         Spirit   .   (helmet restricted)
rElec    .         Reflect  .   (no cloak)
rCorr    .         Harm     .   (no gloves)
MR       .....                  (no boots)
Stlth    ++........             (no amulet)
HPRegen  0.08/turn              (no ring)
MPRegen  0.10/turn              (no ring)

@: no status effects
A: unfitting armour, cold-blooded, AC +5
a: no special abilities


You were on level 4 of the Dungeon.
You were not hungry.

You visited 1 branch of the dungeon, and saw 4 of its levels.

You collected 103 gold pieces.

Inventory:

Hand Weapons
 c - a +0 club (weapon)
Armour
 k - a +0 buckler (worn)
Scrolls
 a - 2 scrolls of amnesia {unknown}
 e - 6 scrolls of identify {unknown}
 f - 2 scrolls of remove curse {unknown}
 g - a scroll of teleportation {unknown}
 h - a scroll of immolation {unknown}
 i - a scroll of fear {unknown}
 j - a scroll of blinking {unknown}
 l - a scroll of enchant weapon {unknown}
Potions
 d - a potion of degeneration {unknown}
 m - a potion of brilliance {unknown}
 o - a potion of invisibility {unknown}
Comestibles
 b - 3 rations


   Skills:
 + Level 2.2 Dodging
 + Level 1.9 Stealth
 + Level 0.2 Unarmed Combat
 + Level 2.5 Spellcasting
 + Level 4.7 Conjurations


You had 6 spell levels left.
You knew the following spells:

 Your Spells              Type           Power        Failure   Level  Hunger
a - Magic Dart            Conj           ###.         4%          1    #......

Your spell library contained the following spells:

 Spells                   Type           Power        Failure   Level  Hunger
 Searing Ray              Conj           ###...       8%          2    ###....
 Dazzling Spray           Conj/Hex       #.....       36%         3    ###....
 Iskenderun's Mystic Bla  Conj           ###.....     45%         4    #####..
 Force Lance              Conj/Tloc      #.......     78%         4    #####..
 Fulminant Prism          Conj/Hex       #.........   78%         4    #####..


Dungeon Overview and Level Annotations

Branches:
Dungeon (4/15)
 Temple: D:4-7

Altars:
Nemelex Xobeh


Innate Abilities, Weirdness & Mutations

Your plain brown scales are hard. (AC +5)
You cannot fit into any form of body armour.
You are cold-blooded and may be slowed by cold attacks.


Message History

A quokka and an orc come into view.
Found 11 gold pieces.
Found an escape hatch in the floor.
Found a stone staircase leading up.
There is a stone staircase leading up here.
The adder barely misses you.
There is a stone staircase leading up here.
The adder barely misses you.
You climb upwards.
You feel sick.
There is a stone staircase leading down here.
The orc barely misses you. You block the adder's attack.
You climb downwards.
There is a stone staircase leading up here.
You hit the orc.
The orc is moderately wounded.
You feel sick.
You are no longer poisoned.
The adder closely misses you. The orc hits you but does no damage.
The quokka bites you but does no damage.
The adder closely misses you. The orc hits you with a +0 hand axe!
You die...

>......#
##......#
........#
........#
........#
#.......#
#.......#
#.....Sr#
..#####@#
#o# .$#
#.## #.
##


You could see an adder, an orc and a quokka.

Vanquished Creatures
  2 adders (D:2)
  A dart slug (D:2)
  3 leopard geckos (D:1)
  A ball python (D:2)
  7 bats
  2 giant cockroaches (D:2)
  A goblin (D:1)
  4 hobgoblins
  2 frilled lizards
  4 kobolds (D:2)
  2 rats
29 creatures vanquished.

Notes
Turn   | Place    | Note
-------+----------+-------------------------------------------
     0 | D:1      | Nivan the Draconian Conjurer began the quest for the Orb.
     0 | D:1      | Reached XP level 1. HP: 14/14 MP: 3/3
   324 | D:1      | Reached XP level 2. HP: 20/20 MP: 0/5
   694 | D:2      | Reached XP level 3. HP: 9/26 MP: 0/6
  1195 | D:2      | Found a sparkling altar of Nemelex Xobeh.
  1400 | D:4      | Slain by an orc

Levels and vault maps discovered:
D:1:      lightli_arrival_chessboard, layout_basic
D:2:      layout_rooms, nemelex_spade_bored_becter
D:3:      layout_rooms, uniq_sigmund, uniq_natasha, uniq_jessica, uniq_grinder
D:4:      layout_basic, nicolae_ru_awakened_eye, uniq_robin, uniq_menkaure

Skill      XL: |  1 |
---------------+----+-----
Dodging        | 2 |  2.2
Stealth        | |  1.9
Unarmed Combat | |  0.2
Spellcasting   | |  2.5
Conjurations   | |  4.7

Action                   || total
-------------------------++-------
Melee: Unarmed           ||     8
       Club              ||    30
 Cast: Magic Dart        ||    57
  Eat: Chunk             ||     2
Armor: Skin              ||    19
Dodge: Dodged            ||    29
Block: Buckler           ||     5
